 Dungeon Crawl Stone Soup version 0.26.1-2-gb8aa6d0cf2 (webtiles) character file.

Game seed: 14726702350953056014

581 Martska the Ducker (level 7, 52/52 HPs)
             Began as a Human Transmuter on Mar 20, 2021.
             Quit the game on level 3 of the Dungeon.
             The game lasted 00:07:02 (5137 turns).

Martska the Ducker (Human Transmuter)               Turns: 5137, Time: 00:07:03

Health: 52/52      AC:  3    Str: 12    XL:     7   Next: 63%
Magic:  12/12      EV: 14    Int: 14    God:
Gold:   95         SH:  0    Dex: 13    Spells: 12/13 levels left

rFire    . . .     SeeInvis .   h - +1 whip (venom)
rCold    . . .     Faith    .   (no shield)
rNeg     . . .     Spirit   .   a - +0 robe
rPois    .         Reflect  .   (no helmet)
rElec    .         Harm     .   (no cloak)
rCorr    .         Rampage  .   (no gloves)
Will     .....                  m - +0 pair of boots
Stlth    ++........             (no amulet)
HPRegen  0.17/turn              (no ring)
MPRegen  0.13/turn              (no ring)

@: no status effects
A: no striking features
a: no special abilities


You were on level 3 of the Dungeon.
You visited 1 branch of the dungeon, and saw 4 of its levels.

You collected 95 gold pieces.

Inventory:

Hand Weapons
 d - a +0 club
 g - a +2 scythe of protection
 h - a +1 whip of venom (weapon)
Armour
 a - a +0 robe (worn)
 m - a +0 pair of boots (worn)
Scrolls
 b - 2 scrolls of magic mapping
 c - a scroll of teleportation
 e - 2 scrolls of remove curse
 f - a scroll of fog
 j - a scroll of random uselessness
 l - a scroll of enchant armour
 n - a scroll of identify
Potions
 i - a potion of heal wounds {unknown}
 k - a potion of ambrosia {unknown}


   Skills:
 * Level 3.4 Fighting
 * Level 2.5 Maces & Flails
 * Level 3.8 Dodging
 + Level 2.1 Stealth
 - Level 3.0 Unarmed Combat
 * Level 3.5 Spellcasting
 * Level 3.7 Transmutations


You had 12 spell levels left.
You knew the following spells:

 Your Spells              Type           Power        Failure   Level
a - Beastly Appendage     Tmut           26%          4%          1

Your spell library contained the following spells:

 Spells                   Type           Power        Failure   Level
 Wereblood                Tmut           13%          7%          2
 Spider Form              Tmut/Pois      3%           28%         3
 Ice Form                 Ice/Tmut       7%           67%         4
 Blade Hands              Tmut           6%           77%         5


Dungeon Overview and Level Annotations

Branches:
Dungeon (4/15)
 Temple: D:4-7

Altars:
Makhleb


Message History

There is a stone staircase leading up here.
The orc misses you.
The orc wizard gestures wildly while chanting.
The orc wizard blinks!
The orc throws a boomerang.
The boomerang barely misses you.
The weapon returns to the orc!
You climb upwards.
There is a stone staircase leading down here.
You barely miss the orc. The orc closely misses you.
You hit the orc.
The orc is poisoned.
The orc is moderately wounded.
The orc misses you.
You closely miss the orc.
The orc is severely wounded.
You kill the orc!
Casting: Beastly Appendage (safe; 4% risk of failure)
Confirm with . or Enter, or press ? or * to list all spells.
Okay, then.
Memorise Wereblood, consuming 2 spell levels and leaving 10?
Okay, then.
Are you sure you want to abandon this character and quit the game? (Confirm with "yes".)

##### #...# ### ###.#.###
##.########
#...#...#####..[.)....#
#.#####........#@####.#
#...#...#####..)## #.#
....#.### #..## #.#
###...# #..### #.# #######
#....# #.#
....#########.##.# #.#
###.##...).......####.# #
#.##.######.........######
# #.##.# #..............#


There were no monsters in sight!

Vanquished Creatures
  Sigmund (D:4)
  Menkaure (D:4)
  An orc priest (D:4)
  An orc wizard (D:3)
  2 worker ants (D:4)
  Robin (D:4)
  4 gnolls (D:2)
  5 adders
  2 worms
  2 dart slugs
  A leopard gecko (D:2)
  5 orcs
  A ball python (D:4)
  10 bats
  9 giant cockroaches
  11 hobgoblins
  3 jackals (D:3)
  3 quokkas
  4 frilled lizards
  15 goblins
  10 kobolds
  10 rats
102 creatures vanquished.

Notes
Turn   | Place    | Note
-------+----------+-------------------------------------------
     0 | D:1      | Martska the Human Transmuter began the quest for the Orb.
     0 | D:1      | Reached XP level 1. HP: 15/15 MP: 3/3
   250 | D:1      | Reached XP level 2. HP: 9/21 MP: 3/5
  1073 | D:1      | Reached XP level 3. HP: 25/26 MP: 4/6
  1849 | D:2      | Found a burning altar of Makhleb.
  1849 | D:2      | Noticed a balrug
  1928 | D:2      | Reached XP level 4. HP: 31/33 MP: 7/7
  2069 | D:2      | Reached skill level 1 in Stealth
  2401 | D:3      | Reached XP level 5. HP: 37/38 MP: 8/8
  2844 | D:3      | Reached skill level 1 in Maces & Flails
  3953 | D:4      | Noticed Menkaure
  3961 | D:4      | Reached XP level 6. HP: 9/46 MP: 10/10
  3962 | D:4      | HP: 2/46 [worm (4)]
  3965 | D:4      | Killed Menkaure
  4297 | D:4      | Noticed Robin
  4315 | D:4      | Killed Robin
  4333 | D:4      | Reached XP level 7. HP: 11/52 MP: 11/11
  4397 | D:4      | Noticed Sigmund
  4412 | D:4      | HP: 2/52 [Sigmund/+2 scythe of protection (3)]
  4415 | D:4      | Killed Sigmund
  4843 | D:4      | Identified the +6 dagger of the Fifty Servitors {speed,
                  | rElec rC+ Str-4 Stlth+}
  5137 | D:3      | Quit the game

Illustrated notes

Levels and vault maps discovered:
D:1:      shiori_arrival_maze, layout_loops_ring
D:2:      layout_rooms, makhleb_altar_promises_db
D:3:      layout_loops_ring
D:4:      layout_basic, uniq_robin, uniq_menkaure, uniq_sigmund

Skill      XL: |  1  2  3  4  5  6  7 |
---------------+----------------------+-----
Fighting       | 2 3 |  3.4
Stealth        | 1 2 |  2.1
Maces & Flails | 1 2 |  2.5
Dodging        | 3 |  3.8
Transmutations | 3 |  3.7
Spellcasting   | 3 |  3.5
Unarmed Combat | |  3.0

Action                   |  1- 3 |  4- 6 |  7- 9 || total
-------------------------+-------+-------+-------++-------
Melee: Unarmed           |    69 |       |       ||    69
       Kick              |     9 |    13 |     3 ||    25
       Headbutt          |     8 |    10 |     2 ||    20
       Whip              |    27 |   169 |    36 ||   232
       Punch             |       |     2 |     1 ||     3
 Cast: Beastly Appendage |    17 |     8 |     1 ||    26
  Use: Scroll            |       |     6 |       ||     6
 Stab: Sleeping          |     1 |       |       ||     1
Armor: Robe              |    21 |    20 |     1 ||    42
Dodge: Dodged            |    60 |   149 |    17 ||   226
